 Dungeon Crawl Stone Soup version 0.22-a0-858-g985ef60 (webtiles) character file.

15692 vineage the Cleaver (level 12, -17/114 HPs)
             Began as a Deep Dwarf Fighter on July 27, 2018.
             Was a Priest of Makhleb.
             Demolished by a white ugly thing (30 damage)
             ... on level 11 of the Dungeon.
             The game lasted 00:22:54 (8574 turns).

vineage the Cleaver (Deep Dwarf Fighter)            Turns: 8574, Time: 00:22:54

Health: -17/114    AC: 17    Str: 26    XL:     12   Next: 3%
Magic:  0/8        EV:  8    Int: 11    God:    Makhleb [***...]
Gold:   732        SH: 13    Dex: 13    Spells: 11/11 levels left

rFire    + + .     SeeInvis +   v - +4 war axe
rCold    x . .     Gourm    .   c - +1 shield
rNeg     . . .     Faith    .   u - +3 chain mail of Luas {rF++ rC- Regen+ Str+4}
rPois    .         Spirit   +   y - +2 helmet {SInv}
rElec    .         Reflect  .   b - scarf {Spirit}
rCorr    .         Harm     .   (no gloves)
MR       +....                  (no boots)
Stlth    ..........             (no amulet)
HPRegen  0.00/turn              (no ring)
MPRegen  0.11/turn              (no ring)

@: non-regenerating
A: damage resistance, heal wounds, sense surroundings 2, no regeneration
a: Heal Wounds, Minor Destruction, Lesser Servant of Makhleb, Renounce Religion


You were on level 11 of the Dungeon.
You worshipped Makhleb.
Makhleb was most pleased with you.
You were hungry.

You visited 2 branches of the dungeon, and saw 12 of its levels.

You collected 754 gold pieces.
You spent 22 gold pieces at shops.

Inventory:

Hand Weapons
 v - a +4 war axe (weapon)
Armour
 b - a scarf of spirit shield (worn)
 c - a +1 shield (worn)
 u - the +3 chain mail of Luas (worn) {rF++ rC- Regen+ Str+4}
   (You found it on level 4 of the Dungeon)

   It affects your strength (+4).
   It greatly protects you from fire.
   It makes you vulnerable to cold.
   It increases your rate of regeneration.
 y - a +2 helmet of see invisible (worn)
 G - a +0 hat
Jewellery
 F - an uncursed ring of positive energy {unknown}
 J - an uncursed ring of magical power {unknown}
Wands
 g - a wand of iceblast (27)
 j - a wand of flame (9)
 p - a wand of paralysis (19)
 A - a wand of clouds (8)
 E - a wand of scattershot (4)
Scrolls
 a - a scroll of blinking
 m - 2 scrolls of teleportation
 o - 2 scrolls of enchant weapon
 r - 4 scrolls of remove curse
 C - a scroll of amnesia
Potions
 d - 2 potions of might
 e - 2 potions of heal wounds
 h - 2 potions of magic
 i - 4 potions of curing
 k - a potion of invisibility {unknown}
 n - a potion of cancellation
 q - a potion of lignification
 s - a potion of resistance {unknown}
 t - 3 potions of ambrosia
 x - a potion of mutation {unknown}
 z - 2 potions of brilliance
Miscellaneous
 l - a crystal ball of energy
Comestibles
 f - 16 rations


   Skills:
 + Level 9.3 Fighting
 + Level 14.8 Axes
 + Level 7.3 Armour
 + Level 2.7 Dodging
 + Level 8.7 Shields
 + Level 0.7 Invocations


You had 11 spell levels left.
You didn't know any spells.
Your spell library contained the following spells:

 Spells                   Type           Power        Failure   Level  Hunger
 Animate Skeleton         Necr           N/A          99%         1    ##.....
 Vampiric Draining        Necr           #.........   100%        3    ####...
 Regeneration             Chrm/Necr      #.........   100%        3    ####...
 Inner Flame              Hex/Fire       #.......     100%        3    ####...
 Borgnjor's Vile Clutch   Necr/Erth      #.........   100%        5    ######.


Dungeon Overview and Level Annotations

Branches:
Dungeon (11/15)            Temple (1/1) D:7            Lair (0/6) D:8
    Orc (0/2) D:10

Altars:
Ashenzari
Cheibriados
Dithmenos
Elyvilon
Fedhas
Gozag
Hepliaklqana
Kikubaaqudgha
Makhleb
Nemelex Xobeh
Okawaru
Qazlal
Ru
Sif Muna
Trog
Uskayaw
Vehumet
Wu Jian
Xom
Yredelemnul
Zin
The Shining One
Beogh

Shops:
D:8 =   D:10 *


Innate Abilities, Weirdness & Mutations

You are resistant to damage.
You can heal yourself by infusing magical energy.
You passively map the area around you.
You do not regenerate.


Message History

You block the white ugly thing's attack.
You slash the white ugly thing!
The white ugly thing is lightly wounded.
The white ugly thing completely misses you.
Your shield and chain mail of Luas prevent you from hitting the white ugly thing.
The white ugly thing is lightly wounded.
You barely miss the white ugly thing.
The white ugly thing is lightly wounded.
The white ugly thing kicks you but does no damage.
You slash the white ugly thing!
The white ugly thing is moderately wounded.
The white ugly thing kicks you! The white ugly thing freezes you!!
You feel a terrible chill!
* * * LOW HITPOINT WARNING * * *
You hit the white ugly thing.
The white ugly thing is moderately wounded.
The white ugly thing kicks you!
* * * LOW HITPOINT WARNING * * *
The white ugly thing freezes you!!
You feel a terrible chill!
You die...

..######### .##...#...##
.#.###.###.#
.#(#[#.#.#.#
.#.#.#.#.#.#
.#.##.#.##.# ######
.##.#####.#####.)#.## *
...##...##.##.......#
.........#......@..## *
.........####.##u..# * *
........).# ####....# *
..........## ##....#..
.......#...##.#.........
* *
.......#...#...........#
.......##>#...#.#.#... .
, ................
...... ,,
................ , , , ,
,


You could see a white ugly thing.

Vanquished Creatures
  A sphinx (D:11)
  Gastronok (D:8)
  4 two-headed ogres
  A phantasmal warrior (D:11)
  Joseph (D:8)
  A troll (D:10)
  A queen bee (D:11)
  Grinder (D:4)
  A hippogriff (D:7)
  A centaur simulacrum (D:11)
  A spriggan (D:7)
  6 yaks (D:10)
  A basilisk (D:11)
  3 hungry ghosts
  2 water moccasins
  5 orc warriors
  7 sky beasts
  A phantom (D:6)
  6 ogres
  9 centaurs
  5 bullfrogs
  2 gnoll sergeants
  A wyvern zombie (D:11)
  A water moccasin zombie (D:10)
  3 scorpions
  2 water moccasin skeletons
  23 killer bees
  6 crimson imps
  A bullfrog zombie (D:8)
  2 centaur zombies
  8 orc wizards
  4 jellies
  5 gnoll shamans (D:5)
  7 orc priests
  4 hounds
  5 worker ants
  Natasha (thrice) (D:3)
  6 iguanas
  Robin (D:3)
  A howler monkey skeleton (D:11)
  2 worker ant zombies (D:6)
  5 adders
  39 gnolls
  A shadow imp (D:10)
  An adder skeleton (D:6)
  2 worms
  A dart slug (D:3)
  7 leopard geckos
  50 orcs
  3 ball pythons
  5 bats
  7 giant cockroaches
  17 goblins
  9 hobgoblins
  18 jackals (D:5)
  5 kobolds
  5 quokkas
  4 frilled lizards
  A jackal skeleton (D:5)
  A quokka zombie (D:7)
  5 rats
  A plant (D:5)
333 creatures vanquished.

Notes
Turn   | Place    | Note
-------+----------+-------------------------------------------
     0 | D:1      | vineage the Deep Dwarf Fighter began the quest for the Orb.
     0 | D:1      | Reached XP level 1. HP: 20/20 MP: 1/1
    93 | D:1      | Reached XP level 2. HP: 27/27 MP: 2/2
   384 | D:1      | Reached skill level 3 in Axes
   724 | D:2      | Reached XP level 3. HP: 24/34 MP: 3/3
  1409 | D:3      | Noticed Robin
  1426 | D:3      | Killed Robin
  1426 | D:3      | Reached skill level 4 in Axes
  1426 | D:3      | Reached XP level 4. HP: 22/42 MP: 4/4
  1437 | D:3      | Noticed Natasha
  1457 | D:3      | Killed Natasha
  1564 | D:3      | Noticed Natasha
  1569 | D:3      | Killed Natasha
  1569 | D:3      | Reached XP level 5. HP: 33/50 MP: 4/4
  1578 | D:3      | Noticed Natasha
  1586 | D:3      | Killed Natasha
  1586 | D:3      | Reached skill level 5 in Axes
  1798 | D:3      | Found an opulent altar of Gozag.
  2238 | D:4      | Reached XP level 6. HP: 26/57 MP: 5/5
  2272 | D:4      | Got a dazzling chain mail
  2283 | D:4      | Identified the +3 chain mail of Luas {rF++ rC- Regen+ Str+4} (You found it on level 4 of the Dungeon)
  2347 | D:4      | Reached skill level 6 in Axes
  2479 | D:4      | Noticed Grinder
  2492 | D:4      | Paralysed by Grinder for 5 turns
  2503 | D:4      | Killed Grinder
  2503 | D:4      | Reached XP level 7. HP: 20/66 MP: 0/6
  2635 | D:4      | Reached skill level 7 in Axes
  2866 | D:5      | Entered Level 5 of the Dungeon
  2888 | D:5      | Reached skill level 5 in Fighting
  3184 | D:5      | Reached skill level 8 in Axes
  3213 | D:5      | Reached XP level 8. HP: 31/75 MP: 0/7
  3302 | D:5      | Reached skill level 9 in Axes
  3926 | D:6      | Found an ancient bone altar of Kikubaaqudgha.
  4015 | D:6      | Reached skill level 10 in Axes
  4337 | D:6      | Gained mutation: You passively map the area around you. [Deep Dwarf growth]
  4337 | D:6      | Reached XP level 9. HP: 76/85 MP: 0/8
  4703 | D:7      | Found a shadowy altar of Dithmenos.
  4814 | D:7      | Reached skill level 11 in Axes
  5002 | D:7      | Found a staircase to the Ecumenical Temple.
  5097 | Temple   | Entered the Ecumenical Temple
  5230 | Temple   | Became a worshipper of Makhleb the Destroyer
  5467 | D:8      | Noticed Joseph
  5486 | D:8      | Killed Joseph
  5486 | D:8      | Reached skill level 1 in Dodging
  5486 | D:8      | Reached skill level 5 in Shields
  5497 | D:8      | Reached skill level 5 in Armour
  5608 | D:8      | Found Lonocs's Jewellery Emporium.
  5673 | D:8      | Found a staircase to the Lair.
  6145 | D:10     | Entered Level 10 of the Dungeon
  6176 | D:10     | Reached XP level 10. HP: 35/94 MP: 0/7
  6225 | D:10     | Found a staircase to the Orcish Mines.
  6390 | D:9      | Reached * piety under Makhleb
  6390 | D:9      | Reached skill level 12 in Axes
  6472 | D:9      | Noticed a two-headed ogre
  6481 | D:9      | Killed a two-headed ogre
  6594 | D:9      | Found a roughly hewn altar of Beogh.
  6748 | D:8      | Noticed Gastronok
  6762 | D:8      | Reached ** piety under Makhleb
  6769 | D:8      | HP: 4/96 [Gastronok (15)]
  6776 | D:8      | Killed Gastronok
  6776 | D:8      | Reached skill level 13 in Axes
  6890 | D:8      | Noticed a two-headed ogre
  6908 | D:8      | Killed a two-headed ogre
  6908 | D:8      | Reached XP level 11. HP: 20/104 MP: 0/8
  7463 | D:10     | Identified the Incunabulum of Scorching Stolen Souls
  7526 | D:10     | Noticed a two-headed ogre
  7540 | D:10     | Killed a two-headed ogre
  7634 | D:10     | Reached skill level 14 in Axes
  7636 | D:10     | Found Zyotut's Assorted Antiques.
  7773 | D:10     | Bought a scroll labeled PUTOOGH TOEG for 22 gold pieces
  8077 | D:11     | Reached *** piety under Makhleb
  8136 | D:11     | Noticed a white ugly thing
  8142 | D:11     | HP: 3/106 [white ugly thing (38)]
  8151 | D:11     | Noticed a two-headed ogre
  8156 | D:11     | HP: 4/106 [two-headed ogre/giant club (20)]
  8161 | D:11     | Killed a two-headed ogre
  8283 | D:11     | HP: 5/106 [orc priest/divine providence (8)]
  8452 | D:11     | Noticed a phantasmal warrior
  8466 | D:11     | Killed a phantasmal warrior
  8469 | D:11     | Noticed a sphinx
  8507 | D:11     | HP: 3/106 [sphinx (7)]
  8508 | D:11     | Killed a sphinx
  8508 | D:11     | Reached XP level 12. HP: 34/114 MP: 0/8
  8574 | D:11     | Demolished by a white ugly thing

Vault maps used:
D:1:      kennysheep_arrival_seaside
D:2:      kennysheep_generic_room_11
D:3:      lemuel_round_altar, first_ration, uniq_natasha, uniq_robin
D:4:      grunt_ministairs_7, uniq_grinder
D:5:      lemuel_castle_with_subvaults
D:6:      basic_altar, kennysheep_generic_room_6
D:7:      temple_hall, the_bakery, nicolae_dithmenos_through_a_glass_darkly
D:8:      lair_entry_dummy, serial_glass, glass_columns_a, glass_columns_a,
          serial_shops, nicolae_shop_waterfront, uniq_gastronok, uniq_joseph
D:9:      special_room, minmay_misc_feat_diagonals
D:10:     orc_0_dummy, serial_shops, nicolae_shop_overgrown_old_shop
D:11:     minmay_mutant_horseshoe, hangedman_decor_push,
          nicolae_looking_at_the_future
Temple:   kilobyte_greek_temple

Skill      XL: |  1  2  3  4  5  6  7  8  9 10 11 |
---------------+----------------------------------+-----
Fighting       | 3 4 5 6 7 8 9 |  9.3
Axes           | 3 4 5 6 8 10 11 13 14 | 14.8
Shields        | 5 7 8 |  8.7
Armour         | 5 7 |  7.3
Dodging        | 1 2 |  2.7
Invocations    | |  0.7

Action                   |  1- 3 |  4- 6 |  7- 9 | 10-12 || total
-------------------------+-------+-------+-------+-------++-------
Melee: War axe           |   137 |   121 |   409 |   452 ||  1119
Invok: Minor Destruction |       |       |       |     1 ||     1
       Lesser Servant of |       |       |       |     1 ||     1
 Abil: Heal Wounds       |       |     4 |    12 |     8 ||    24
  Use: Scroll            |     2 |     1 |     2 |    17 ||    22
       Potion            |       |       |     1 |     5 ||     6
  Eat: Chunk             |     2 |     1 |     3 |     6 ||    12
       Ration            |       |     1 |     3 |     2 ||     6
Armor: Scale mail        |    74 |    24 |       |       ||    98
       Chain mail        |       |    11 |   248 |   176 ||   435
Dodge: Dodged            |    44 |    34 |    96 |   105 ||   279
Block: Shield            |    79 |    45 |   252 |   249 ||   625

Table legend:
 A = Spawn XP
 B = Non-spawn XP
 C = Spawn XP percentage of total XP
 D = Spawn monster count
 E = Non-spawn monster count
 F = Spawn count percentage of total count
 G = Total turns spent on level
                    A         B        C        D         E        F      G
               +---------+---------+-------+---------+---------+-------+---------
         Total |       0 |   22418 |   0.0 |       0 |     332 |   0.0 |  8574
               +---------+---------+-------+---------+---------+-------+---------
           D:1 |       0 |      32 |   0.0 |       0 |      18 |   0.0 |   673
           D:2 |       0 |      25 |   0.0 |       0 |      13 |   0.0 |   663
           D:3 |       0 |     220 |   0.0 |       0 |      42 |   0.0 |   645
           D:4 |       0 |     600 |   0.0 |       0 |      16 |   0.0 |   885
           D:5 |       0 |    1121 |   0.0 |       0 |      66 |   0.0 |  1038
           D:6 |       0 |    1035 |   0.0 |       0 |      25 |   0.0 |   726
           D:7 |       0 |     918 |   0.0 |       0 |      13 |   0.0 |   569
           D:8 |       0 |    5017 |   0.0 |       0 |      36 |   0.0 |  1047
           D:9 |       0 |    2788 |   0.0 |       0 |      42 |   0.0 |   900
          D:10 |       0 |    4905 |   0.0 |       0 |      35 |   0.0 |   749
          D:11 |       0 |    5757 |   0.0 |       0 |      26 |   0.0 |   502
               +---------+---------+-------+---------+---------+-------+---------
